Map: 国王藏宝地-天梯版

Players

msrm

  • Race: Zerg Zerg
  • League: Grandmaster

MaSa - Winner!

  • Race: Terran Terran
  • League: Platinum

Event: WESG 2018 Grand Finals

VOD

Have the link to the VOD?

Description

Time

  • Played on: March 11, 2019, 7:05 a.m.
  • Length: 4:34

All games in this series

Show
View Real Time Build Order
Export as new Build Order

msrm Zerg 

Build Orders: Pool First 

Get SALT Encoding   

  12  0:00  Drone  
  13  0:13  Overlord  
  13  0:18  Drone  
  14  0:31  Drone x2  
  16  0:36  Drone  
  17  0:45  Extractor  
  17  0:46  Drone  
  17  0:51  Spawning Pool  
  17  0:56  Drone  
  17  1:09  Drone  
  18  1:20  Hatchery  
  18  1:24  Drone  
  18  1:28  Drone  
  19  1:38  Queen  
  21  1:46  Zergling x2  
  22  1:50  Overlord  
  22  2:17  Lair  
  21  2:25  Roach Warren  
  20  2:32  Queen  
  22  2:38  Drone x3  
  22  2:39  Drone  
  26  2:58  Overlord  
  24  3:05  Roach  
  24  3:06  Roach x3  
  26  3:24  Roach  
  22  3:47  Ravager  
  23  3:49  Ravager  
  24  4:02  Roach  
Show
View Real Time Build Order
Export as new Build Order

MaSa Terran - Winner!

Build Orders:  

Get SALT Encoding   

  12  0:00  SCV  
  13  0:12  SCV  
  14  0:18  Supply Depot  
  14  0:24  SCV  
  15  0:40  SCV  
  15  0:41  Barracks  
  16  0:45  Refinery  
  16  0:52  SCV  
  17  1:01  Barracks  
  18  1:04  SCV  
  18  1:16  SCV  
  19  1:28  Reaper, Orbital Command  
  20  1:37  Barracks  
  20  1:43  Refinery  
  20  1:51  Reaper  
  21  1:54  SCV  
  21  1:59  Supply Depot  
  22  2:05  Reaper  
  23  2:20  SCV  
  24  2:23  Reaper  
  25  2:32  Reaper, SCV  
  27  2:44  SCV  
  27  2:48  Command Center  
  28  2:53  Reaper  
  28  2:56  SCV  
  30  3:03  Supply Depot  
  30  3:09  SCV  
  31  3:12  Factory  
  31  3:24  Marine x2, SCV  
  34  3:32  Barracks Tech Lab  
  34  3:36  SCV  
  32  3:42  Marine x2  
  32  3:43  Supply Depot  
  34  3:48  SCV  
  34  3:55  Marauder  
  37  3:56  Factory Tech Lab  
  37  4:00  Starport  
  37  4:02  Marine x2  
  39  4:06  SCV  
Tags
 
Add a new tag
Caveats
  • Supply blocks, unpowered buildings, or Contaminate may cause inaccurate times.
  • Supply counts are checked every 10 seconds.